 Dungeon Crawl Stone Soup version 0.31-a0-358-gac0dbeb3ab (webtiles) character file.

Game seed: 5598119940433020701

53 AIAndy the Covert (level 3, -1/28 HPs)
             Began as a Gnoll Wanderer on July 24, 2023.
             Slain by a hobgoblin (3 damage)
             ... led by Robin
             ... on level 1 of the Dungeon.
             The game lasted 00:03:26 (627 turns).

AIAndy the Covert (Gnoll Wanderer)                   Turns: 627, Time: 00:03:27

Health: -1/28      AC:  4    Str: 10    XL:     3   Next: 89%
Magic:  4/4        EV: 11    Int:  8    God:
Gold:   86         SH:  0    Dex: 17    Spells: 4/4 levels left

rFire   . . .        a - +2 dagger
rCold   . . .        (no shield)
rNeg    . . .        g - +0 leather armour
rPois   .            l - +0 helmet
rElec   .            (no cloak)
rCorr   .            (no gloves)
SInv    .            (no boots)
Will    .....        (no amulet)
Stlth   ++++         (no ring)
HPRegen 0.24/turn    (no ring)
MPRegen 0.09/turn

%: no passive effects
@: no status effects
A: fangs 1, strong nose, distributed training
a: no special abilities


You were on level 1 of the Dungeon.
You visited 1 branch of the dungeon, and saw 2 of its levels.

You collected 86 gold pieces.


Innate Abilities, Weirdness & Mutations

You have very sharp teeth.
Your uncanny sense of smell can sniff out nearby items.
Your experience applies equally to all skills.


   Skills:
 + Level 2.7 Fighting
 + Level 4.6 Short Blades
 + Level 1.0 Long Blades
 + Level 1.0 Axes
 + Level 1.0 Maces & Flails
 + Level 1.0 Polearms
 + Level 1.0 Staves
 + Level 1.0 Ranged Weapons
 + Level 2.7 Throwing
 + Level 2.7 Armour
 + Level 1.0 Dodging
 + Level 9.6 Stealth
 + Level 1.0 Shields
 + Level 1.0 Unarmed Combat
 + Level 1.0 Spellcasting
 + Level 0.7 Conjurations
 + Level 0.7 Hexes
 + Level 0.7 Summonings
 + Level 0.7 Necromancy
 + Level 0.7 Translocations
 + Level 0.7 Transmutations
 + Level 0.7 Fire Magic
 + Level 0.7 Ice Magic
 + Level 0.7 Air Magic
 + Level 0.7 Earth Magic
 + Level 0.7 Poison Magic
 + Level 1.1 Invocations
 + Level 1.0 Evocations
 + Level 0.7 Shapeshifting


You had 4 spell levels left.
You didn't know any spells.
Your spell library contained the following spells:

 Spells                   Type           Power      Damage    Failure   Level
 Lesser Beckoning         Tloc           2%         N/A       50%         2
 Gell's Gravitas          Tloc           1%         N/A       75%         3
 Teleport Other           Tloc           1%         N/A       75%         3

Inventory:

Hand Weapons
 a - a +2 dagger (weapon)
 c - a +0 short sword
Missiles
 d - 7 poisoned darts (quivered)
Armour
 g - a +0 leather armour (worn)
 l - a +0 helmet (worn)
Scrolls
 b - a scroll of blinking
 e - a scroll of fear {unknown}
 f - 2 scrolls of teleportation {@r4}
 k - a scroll of identify {unknown}
Potions
 h - a potion of might {unknown}
 i - 2 potions of curing {unknown}
 j - a potion of invisibility {unknown}

Dungeon Overview and Level Annotations

Branches:
Dungeon (2/15)

Altars:
Elyvilon

Annotations:
D:2 Robin ####....#####...####..####....#.. ####.......####.....######.... #####..####..#.#...####.... #...................#.. #.##...################ #######.#..#..PPPPPPPPPPPPPPP #..........#.........<....... #..........#..PPPPPPPPPPPPPPP

#..........#@################
#..........#gg...............
####..........#.###.############
##.............#.# #.#
...###########...# ### ####
#....## #....# #....# #...[#


You could see a hobgoblin (strong) and a goblin (strong).


Message History

The hobgoblin hits you.
* * * LOW HITPOINT WARNING * * *
The goblin hits you but does no damage. Robin throws the goblin at you!
The hobgoblin attacks as you move away! The hobgoblin barely misses you.
The goblin no longer looks unusually strong.
The goblin hits you but does no damage. Robin throws the goblin at you!
* * * LOW HITPOINT WARNING * * *
The hobgoblin no longer looks unusually strong.
The goblin hits you with a +0 dagger.
* * * LOW HITPOINT WARNING * * *
The goblin hits you but does no damage.
Robin roars a battlecry!
The goblins go into a battle-frenzy!
The hobgoblin attacks as you move away! The hobgoblin hits you.
* * * LOW HITPOINT WARNING * * *
The goblin no longer looks unusually strong.
The goblin hits you but does no damage.
The goblin no longer looks unusually strong.
Robin throws the goblin at you!
* * * LOW HITPOINT WARNING * * *
The goblin hits you with a +0 dagger.
* * * LOW HITPOINT WARNING * * *
There is a stone staircase leading up here.
The goblin closely misses you.
You climb upwards.
There is a stone staircase leading down here.
You hit the hobgoblin but do no damage.
The hobgoblin is heavily wounded.
The hobgoblin hits you.
You die...

Skill      XL: |  1  2  3 |
---------------+----------+-----
Stealth        | |  9.6
Invocations    | 1 |  1.1
Long Blades    | 1 |  1.0
Axes           | 1 |  1.0
Maces & Flails | 1 |  1.0
Polearms       | 1 |  1.0
Staves         | 1 |  1.0
Ranged Weapons | 1 |  1.0
Dodging        | 1 |  1.0
Shields        | 1 |  1.0
Unarmed Combat | 1 |  1.0
Spellcasting   | 1 |  1.0
Evocations     | 1 |  1.0
Fighting       | |  2.7
Short Blades   | |  4.6
Throwing       | |  2.7
Armour         | |  2.7
Conjurations   | |  0.7
Hexes          | |  0.7
Summonings     | |  0.7
Necromancy     | |  0.7
Translocations | |  0.7
Transmutations | |  0.7
Fire Magic     | |  0.7
Ice Magic      | |  0.7
Air Magic      | |  0.7
Earth Magic    | |  0.7
Poison Magic   | |  0.7
Shapeshifting  | |  0.7

Action                     || total
---------------------------++-------
  Melee: Dagger            ||    72
         Bite              ||     9
         Punch             ||     1
   Stab: Sleeping          ||    12
 Armour: Leather armour    ||    18
  Dodge: Dodged            ||    23

Levels and vault maps discovered:
D:1:      eino_arrival_tree_alley, layout_rooms,
          dreamdust_ecumenical_altar_drowned_temple
D:2:      layout_basic, basic_altar, hangedman_decor_growths,
          lightli_corner_chamber, uniq_natasha, uniq_robin

Notes
Turn   | Place    | Note
-------+----------+-------------------------------------------
     0 | D:1      | Reached skill level 9 in Stealth
     0 | D:1      | AIAndy the Gnoll Wanderer began the quest for the Orb.
     0 | D:1      | AIAndy set off with the following items: a +2 dagger, a
                  | scroll of blinking, a +0 short sword, 7 poisoned darts, a
                  | +0 dagger, a scroll of teleportation {@r4}, a +0 leather
                  | armour.
     0 | D:1      | Reached XP level 1. HP: 17/17 MP: 1/1
   147 | D:1      | Found a faded altar of an unknown god.
   152 | D:1      | Reached XP level 2. HP: 23/23 MP: 2/2
   496 | D:2      | Noticed Natasha
   501 | D:2      | Killed Natasha
   502 | D:2      | Reached skill level 1 in Invocations
   502 | D:2      | Reached XP level 3. HP: 28/28 MP: 2/4
   597 | D:2      | Noticed Robin
   598 | D:2      | Found a white marble altar of Elyvilon.
   601 | D:2      | Reached skill level 1 in Long Blades
   601 | D:2      | Reached skill level 1 in Axes
   601 | D:2      | Reached skill level 1 in Maces & Flails
   601 | D:2      | Reached skill level 1 in Polearms
   601 | D:2      | Reached skill level 1 in Staves
   601 | D:2      | Reached skill level 1 in Ranged Weapons
   601 | D:2      | Reached skill level 1 in Dodging
   601 | D:2      | Reached skill level 1 in Shields
   601 | D:2      | Reached skill level 1 in Unarmed Combat
   601 | D:2      | Reached skill level 1 in Spellcasting
   601 | D:2      | Reached skill level 1 in Evocations
   624 | D:2      | HP: 1/28 [goblin/+0 dagger[Robin] (2)]
   627 | D:1      | Slain by a hobgoblin

Vanquished Creatures
  Natasha (D:2)
  A worm (D:2)
  An endoplasm (D:1)
  A giant cockroach (D:1)
  4 goblins
  3 hobgoblins
  2 kobolds (D:1)
  A quokka (D:1)
  2 ball pythons (D:1)
  5 bats
  4 rats (D:1)
  A spectral hobgoblin (D:1)
26 creatures vanquished.

Table legend: (Time is in decaauts)
 A = Elapsed time spent in this place.
 B = Non-inter-level travel time spent in this place.
 C = Inter-level travel time spent in this place.
 D = Time resting spent in this place.
 E = Time spent auto-exploring this place.
 F = Levels seen in this place.
 G = Mean time per level.
                   A        B        C        D        E       F      G
               +--------+--------+--------+--------+--------+-----+--------+
         Total |    614 |    597 |     17 |      0 |    386 |   2 |  307.0 |
       Dungeon |    614 |    597 |     17 |      0 |    386 |   2 |  307.0 |
               +--------+--------+--------+--------+--------+-----+--------+

Top non-repeatable levels by time:
     D:1: 491 daAuts
     D:2: 123 daAuts

Table legend:
 A = Non-vault XP
 B = Vault XP
 C = Vault XP percentage of total XP
 D = Non-vault monster count
 E = Vault monster count
 F = Vault count percentage of total count
                 A         B        C        D         E       F
            +---------+---------+-------+---------+---------+-------
      Total |      31 |      46 |  59.7 |      19 |       7 |  26.9
            +---------+---------+-------+---------+---------+-------
        D:1 |      25 |       1 |   3.8 |      17 |       1 |   5.6
        D:2 |       6 |      45 |  88.2 |       2 |       6 |  75.0
            +---------+---------+-------+---------+---------+-------
